 Dungeon Crawl Stone Soup version 0.27-a0-1548-gf8a67e7463 (webtiles) character file.

Game seed: 6496082626787733033

1785 SkiChan the Skirmisher (level 8, 0/74 HPs)
             Began as a Minotaur Fighter on July 13, 2021.
             Slain by a two-headed ogre (20 damage)
             ... on level 5 of the Dungeon.
             The game lasted 00:07:09 (5355 turns).

SkiChan the Skirmisher (Minotaur Fighter)           Turns: 5355, Time: 00:07:09

Health: 0/74       AC: 12    Str: 22    XL:     8   Next: 81%
Magic:  7/7        EV:  4    Int:  5    God:
Gold:   219        SH: 10    Dex: 11    Spells: 7/7 levels left

rFire    . . .     SeeInvis .   g - +0 whip (distort)
rCold    . . .     Faith    .   c - +0 kite shield
rNeg     . . .     Spirit   .   h - +0 plate armour
rPois    .         Reflect  .   (helmet restricted)
rElec    .         Harm     .   z - scarf {repulsion}
rCorr    .         Rampage  .   (no gloves)
Will     .....                  (no boots)
Stlth    ..........             (no amulet)
HPRegen  0.22/turn              (no ring)
MPRegen  0.10/turn              (no ring)

@: repel missiles
A: horns 2, retaliatory headbutt
a: no special abilities


You were on level 5 of the Dungeon.
You visited 1 branch of the dungeon, and saw 5 of its levels.
You also visited: Sewer.

You collected 221 gold pieces.
You spent 2 gold pieces at shops.

Inventory:

Hand Weapons
 a - a +0 war axe
 g - a +0 whip of distortion (weapon)
 l - a +0 hand crossbow
 n - a +0 dagger of venom
 s - a -2 triple sword
 A - a +0 vorpal flail
 B - a -3 executioner's axe
Missiles
 m - 59 bolts
Armour
 c - a +0 kite shield (worn)
 h - a +0 plate armour (worn)
 z - a scarf of repulsion (worn)
Jewellery
 r - a ring of protection from cold
Scrolls
 b - a scroll of enchant armour {unknown}
 e - a scroll of immolation {unknown}
 f - 2 scrolls of enchant weapon {unknown}
 i - 4 scrolls of teleportation {unknown}
 j - 5 scrolls of identify {unknown}
 p - 2 scrolls of amnesia {unknown}
 q - 2 scrolls of magic mapping {unknown}
 t - a scroll of fear {unknown}
 u - a scroll of fog {unknown}
 w - a scroll of summoning {unknown}
 y - a scroll of acquirement {unknown}
Potions
 d - a potion of might
 k - a potion of ambrosia {unknown}
 o - a potion of curing
 v - a potion of haste
 x - 4 potions of mutation {unknown}


   Skills:
 * Level 7.9 Fighting
 * Level 7.2(7.8) Axes
 + Level 4.6(6.5) Maces & Flails
 + Level 3.8 Crossbows
 + Level 6.0 Armour
 + Level 6.0 Shields


You had 7 spell levels left.
You didn't know any spells.
Your spell library contained the following spells:

 Spells                   Type           Power      Damage    Failure   Level
 Sting                    Tmut/Pois      0%         1d3       100%        1
 Poisonous Vapours        Pois/Air       0%         N/A       100%        2
 Slow                     Hex            0%         N/A       100%        2
 Confusing Touch          Hex            0%         N/A       100%        3
 Mephitic Cloud           Conj/Pois/Air  0%         N/A       100%        3
 Vampiric Draining        Necr           0%         2d6       100%        3
 Olgreb's Toxic Radiance  Pois           0%         N/A       100%        4
 Freezing Cloud           Conj/Ice/Air   0%         6-21      100%        5


Dungeon Overview and Level Annotations

Branches:
Dungeon (5/15)              Sewer (visited)
 Temple: D:4-7

Altars:
Kikubaaqudgha

Shops:
D:5 *


Innate Abilities, Weirdness & Mutations

You have a pair of horns on your head.
You reflexively headbutt those who attack you in melee.


Message History

You block the scorpion's attack.
You hit the scorpion but do no damage.
Space warps horribly around the scorpion!
The scorpion is severely wounded.
You block the scorpion's attack.
You hit the scorpion but do no damage.
The scorpion is devoured by a tear in reality.
Your Armour skill increases to level 6!
Your Shields skill increases to level 6!
No target in view!
No target in view!
As you open the door, it creaks loudly!
There is an open door here.
You see here a +0 scale mail.
A two-headed ogre comes into view. It is wielding two +0 giant clubs.
The two-headed ogre shouts in stereo!
The two-headed ogre hits you with a +0 giant club!!
You block the two-headed ogre's attack.
Your shield and plate armour prevent you from hitting the two-headed ogre.
The two-headed ogre barely misses you. You block the two-headed ogre's attack.
You hit the two-headed ogre but do no damage.
Space bends around the two-headed ogre.
The two-headed ogre is lightly wounded.
The two-headed ogre hits you with a +0 giant club.
The two-headed ogre hits you with a +0 giant club!
You are too injured to fight recklessly!
You are too injured to fight recklessly!
You are too injured to fight recklessly!
You are too injured to fight recklessly!
You are too injured to fight recklessly!
You hit the two-headed ogre but do no damage.
You headbutt the two-headed ogre.
The two-headed ogre is lightly wounded.
The two-headed ogre blinks!
You hit the two-headed ogre.
Space bends around the two-headed ogre.
The two-headed ogre is moderately wounded.
The two-headed ogre hits you with a +0 giant club!
* * * LOW HITPOINT WARNING * * *
The two-headed ogre hits you with a +0 giant club!!
You die...

.#.....#..#####....# #<....)..
.#.....#..#........# #.......#
.#.....+..#........# #.......8
.#.....#...........# #......)#
##.....##.#........# # ##..##...
.........>.....#######.###..##'##
.....................#......#...8
......(........#.O...#......#...#
>..............#@...#######'#####
..#####.......[#ยง...##...........
..#...#........#.....#...........
..#...#####....#.....#...........
..#.......#....#.....#...........
..#...#........#####.#...........
..#...##..#..............##+#....
..#...#####..............#..#....
..#....#..#..............#..#....


You could see a two-headed ogre.

Vanquished Creatures
  A water moccasin (D:5)
  Purgy (Sewer)
  2 ogres (D:4)
  7 necrophages (D:5)
  A kobold brigand (D:3)
  2 scorpions
  A jelly (D:5)
  A water moccasin zombie (D:5)
  2 wights (D:5)
  A human zombie (D:5)
  A hound (D:4)
  2 iguanas
  A scorpion zombie (D:5)
  A killer bee zombie (D:5)
  A mummy (D:5)
  2 gnolls
  5 adders
  2 ufetubi (D:4)
  2 adder skeletons (D:4)
  5 dart slugs
  5 orcs
  5 ball pythons
  5 endoplasms
  3 goblins
  2 hobgoblins
  8 jackals
  20 kobolds
  6 quokkas
  11 bats
  6 frilled lizards
  4 giant cockroaches (D:4)
  8 rats
124 creatures vanquished.

Vanquished Creatures (others)
  4 plants (D:1)
4 creatures vanquished.

Grand Total: 128 creatures vanquished

Notes
Turn   | Place    | Note
-------+----------+-------------------------------------------
     0 | D:1      | SkiChan the Minotaur Fighter began the quest for the Orb.
     0 | D:1      | Reached XP level 1. HP: 19/19 MP: 0/0
   114 | D:1      | Reached XP level 2. HP: 13/27 MP: 1/1
   488 | D:1      | Reached XP level 3. HP: 33/33 MP: 2/2
   558 | D:1      | Reached skill level 1 in Maces & Flails
   578 | D:1      | Found a faded altar of an unknown god.
  1217 | D:2      | Reached XP level 4. HP: 35/41 MP: 3/3
  1917 | D:3      | Noticed a kobold brigand
  1934 | D:3      | Killed a kobold brigand
  1935 | D:3      | Reached skill level 5 in Fighting
  1935 | D:3      | Reached skill level 1 in Crossbows
  1935 | D:3      | Reached XP level 5. HP: 10/48 MP: 4/4
  2770 | D:4      | Found a glowing drain.
  2792 | Sewer    | Entered a sewer
  3014 | Sewer    | Noticed Purgy
  3022 | Sewer    | Killed Purgy
  3023 | Sewer    | Reached XP level 6. HP: 54/56 MP: 5/5
  3341 | D:4      | Reached skill level 5 in Axes
  3341 | D:4      | Reached XP level 7. HP: 43/62 MP: 6/6
  4285 | D:5      | Entered Level 5 of the Dungeon
  4409 | D:5      | Reached skill level 5 in Armour
  4409 | D:5      | Reached skill level 5 in Shields
  4445 | D:5      | Reached XP level 8. HP: 54/71 MP: 7/7
  4466 | D:5      | Found an ancient bone altar of Kikubaaqudgha.
  5255 | D:5      | Found Mibbiu's Lightly-Used Armoury.
  5264 | D:5      | Bought a -2 triple sword for 1 gold piece
  5264 | D:5      | Bought a -3 executioner's axe for 1 gold piece
  5349 | D:5      | Noticed a two-headed ogre
  5355 | D:5      | Slain by a two-headed ogre

Illustrated notes

Levels and vault maps discovered:
D:1:      eino_arrival_tree_alley, layout_loops_ring, basic_ecumenical_altar,
          nrook_mini_backslash, lexackson_kobold_supper
D:2:      layout_basic, nrook_uturn
D:3:      layout_loops_ring
D:4:      layout_loops_corners, gup_sewer_entry_pipe
D:5:      layout_gridville, lemuel_mausoleum_altar_kikubaaqudgha,
          minmay_shop_damaged, minmay_circle_x

Skill      XL: |  1  2  3  4  5  6  7  8 |
---------------+-------------------------+-----
Fighting       | 4 5 6 7 |  7.9
Axes           | 3 4 5 6 7 |  7.2
Maces & Flails | 1 2 3 4 |  4.6
Shields        | 4 5 6 |  6.0
Armour         | 4 5 6 |  6.0
Crossbows      | 1 2 3 |  3.8

Action                   |  1- 3 |  4- 6 |  7- 9 || total
-------------------------+-------+-------+-------++-------
Melee: War axe           |    17 |       |       ||    17
       Headbutt          |     9 |    20 |    28 ||    57
       Whip              |    67 |   137 |   129 ||   333
  Use: Potion            |       |     4 |     3 ||     7
Armor: Scale mail        |    19 |       |       ||    19
       Plate armour      |    41 |    84 |    52 ||   177
       Skin              |       |     4 |       ||     4
Dodge: Dodged            |    19 |    17 |    14 ||    50
Block: Kite shield       |    45 |    52 |    63 ||   160

Table legend: (Time is in decaauts)
 A = Elapsed time spent in this place.
 B = Non-inter-level travel time spent in this place.
 C = Inter-level travel time spent in this place.
 D = Time resting spent in this place.
 E = Time spent auto-exploring this place.
 F = Levels seen in this place.
 G = Mean time per level.
                   A        B        C        D        E       F      G
               +--------+--------+--------+--------+--------+-----+--------+
         Total |   5397 |   5211 |    186 |    814 |   3516 |   6 |  899.5 |
       Dungeon |   5092 |   4906 |    186 |    814 |   3272 |   5 | 1018.4 |
         Sewer |    304 |    304 |      0 |      0 |    244 |   1 |  304.0 |
               +--------+--------+--------+--------+--------+-----+--------+

Top non-repeatable levels by time:
     D:4: 1301 daAuts
     D:5: 1070 daAuts
     D:1: 948 daAuts
     D:3: 912 daAuts
     D:2: 859 daAuts
   Sewer: 304 daAuts
